cohdb
Replays
Latest Replays
All Replays
Popular Replays
Top Player Replays
Match Explorer
How It Works
Community
CoH3 Stats
Reddit
Sign in to upload your games and track your stats! →
Sign in with Steam
Match 47403643
Unlisted
Match 47403643
Overview
Messages
Build Orders
End
Scout Squad
Engineer Squad
Selects Heavy Weapons
Construct Barracks
1⁄4-ton 4x4 Truck
Riflemen Squad
Riflemen Squad
Selects Assault Carriers
Construct Weapon Support Center
Infantry Support Center
Riflemen Squad
Selects Halftrack Strongpoints
M3 Assault Carrier
Grenade Package
Construct Medical Station
M3 Assault Carrier
M1918 Browning Automatic Rifles
Selects M2HB .50cal Heavy Machine Gun
M1919 Machine Gun Team
Construct Tank Depot
Bazooka Squad
Bazooka Squad
M1919 Machine Gun Team
AndreiM2006
JT
0
0
Comments
sign in to comment!
No comments posted yet!